 Dungeon Crawl Stone Soup version 0.20.0-4-g10b340a (webtiles) character file.

18166 mopl the Severer (level 12, -7/111 HPs)
             Began as a Hill Orc Berserker on May 26, 2017.
             Was an Elder of Trog.
             Mangled by an orc warrior
             ... wielding a +4 glaive
             ... led by an orc knight
              (18 damage)
             ... on level 2 of the Orcish Mines on May 27, 2017.
             The game lasted 00:24:06 (9746 turns).

mopl the Severer (Hill Orc Berserker)               Turns: 9746, Time: 00:24:07

Health: -7/111     AC: 11    Str: 24    XL:     12   Next: 55%
Magic:  14/14      EV: 11    Int:  7    God:    Trog [****..]
Gold:   1122       SH:  0    Dex: 14    Spells: 11/11 levels left

rFire    . . .     SeeInvis .   a - +0 broad axe (venom)
rCold    + . .     Gourm    +   (no shield)
rNeg     . . .     Faith    .   d - +0 chain mail (curse)
rPois    .         Spirit   .   (no helmet)
rElec    .         Reflect  .   (no cloak)
rCorr    .         Harm     .   (no gloves)
MR       .....                  (no boots)
Stlth    ..........             m - amulet of the gourmand (curse)
Regen    0.3/turn               T - +3 ring of strength
MPRegen  0.2/turn               N - ring of protection from cold

@: berserk cooldown, slowed, very slow
A: no striking features
a: Berserk, Trog's Hand, Brothers in Arms, Burn Spellbooks, Renounce Religion,
Convert to Beogh


You were on level 2 of the Orcish Mines.
You worshipped Trog.
Trog was greatly pleased with you.
You were very full.

You visited 3 branches of the dungeon, and saw 13 of its levels.

You collected 1579 gold pieces.
You spent 457 gold pieces at shops.

Inventory:

Hand Weapons
 a - a +0 broad axe of venom (weapon)
 w - a +0 blowgun
 I - a +0 battleaxe
Missiles
 k - 23 tomahawks (quivered)
 H - 9 curare-tipped needles
 M - a throwing net
 Z - 3 needles of paralysis
Armour
 d - a cursed +0 chain mail (worn)
 y - a +2 helmet
 A - a +0 plate armour
Jewellery
 m - a cursed amulet of the gourmand (around neck)
 s - an uncursed ring of fire
 u - an uncursed amulet of rage {unknown}
 N - a ring of protection from cold (right hand)
 S - a cursed -2 ring of dexterity {unknown}
 T - a +3 ring of strength (left hand)
 V - an uncursed amulet of rage {unknown}
Wands
 q - a wand of iceblast (8/15)
 B - a wand of flame (36/48)
 C - a wand of enslavement (13/24)
 D - a wand of enslavement (13/24)
 G - a wand of acid (9/15)
 K - a wand of digging (6/24)
 X - a wand of polymorph (7/24)
Scrolls
 b - 3 scrolls of blinking {unknown}
 e - 3 scrolls of amnesia {unknown}
 g - 19 scrolls of identify {unknown}
 h - a scroll of enchant armour {unknown}
 i - 4 scrolls of teleportation {unknown}
 j - 2 scrolls of fog {unknown}
 l - 5 scrolls of fear
 o - 4 scrolls of remove curse
 p - 2 scrolls of recharging {unknown}
 t - a scroll of enchant weapon {unknown}
 F - 2 scrolls of noise {unknown}
 J - a scroll of summoning {unknown}
 O - 4 scrolls of immolation {unknown}
 Q - a scroll of magic mapping {unknown}
Potions
 f - 8 potions of heal wounds {unknown}
 n - a potion of curing {unknown}
 r - a potion of agility
 v - a potion of cancellation {unknown}
 x - 2 potions of resistance {unknown}
 z - 2 potions of flight {unknown}
 E - 2 potions of haste {unknown}
 R - a potion of ambrosia {unknown}
 W - a potion of brilliance {unknown}
 Y - 2 potions of might
Books
 L - a book of Minor Magic

   Spells                             Type                      Level
   a - Magic Dart                     Conjuration                  1
   b - Blink                          Translocation                2
   c - Call Imp                       Summoning                    2
   d - Slow                           Hexes                        2
   e - Conjure Flame                  Conjuration/Fire             3
   f - Mephitic Cloud                 Conjuration/Poison/Air       3
   Trog disapproves of the use of such an item.
 P - a book of Battle

   Spells                             Type                      Level
   a - Infusion                       Charms                       1
   b - Shroud of Golubria             Charms/Translocation         2
   c - Song of Slaying                Charms                       2
   d - Spectral Weapon                Hexes/Charms                 3
   e - Regeneration                   Charms/Necromancy            3
   Trog disapproves of the use of such an item.
 U - a book of Callings

   Spells                             Type                      Level
   a - Summon Small Mammal            Summoning                    1
   b - Call Imp                       Summoning                    2
   c - Call Canine Familiar           Summoning                    3
   d - Summon Guardian Golem          Hexes/Summoning              3
   e - Summon Lightning Spire         Summoning/Air                4
   f - Summon Ice Beast               Ice/Summoning                4
   Trog disapproves of the use of such an item.
Comestibles
 c - 9 bread rations


   Skills:
 + Level 11.7 Fighting
 * Level 16.5 Axes
 + Level 4.3 Throwing
 + Level 10.2 Armour
 + Level 4.6 Dodging
 + Level 3.6 Evocations


You had 11 spell levels left.
You didn't know any spells.

Dungeon Overview and Level Annotations

Branches:
Dungeon (10/15)            Temple (0/1) D:5            Lair (1/6) D:10
    Orc (2/2) D:10            Elf (0/3) Orc:2

Altars:
Cheibriados
Dithmenos
Hepliaklqana
Ru
Sif Muna
The Shining One

Shops:
Orc:1 }}   Orc:2 (**%%


Message History

You barely miss the orc warrior. You slash the ogre!
You kill the ogre!
Trog accepts your kill.
The orc priest threatens, "By the altar or by the axe, you will meet Beogh!"
The orc warrior misses you. The orc warrior closely misses you.
The orc priest begins to cast a cantrip, but forgets the words!
Unknown command.
Your skin stops crawling.
You feel less resistant to hostile enchantments.
The orc warrior hits you from afar with an enchanted glaive.
* * * LOW HITPOINT WARNING * * *
The orc priest hits you with a short sword.
* * * LOW HITPOINT WARNING * * *
The orc warrior hits you from afar with an enchanted glaive!
* * * LOW HITPOINT WARNING * * *
You fail to use your ability.
The orc priest shouts, "Join the one true god or die!"
The orc priest misses you.
The orc warrior hits you from afar with an enchanted glaive!!
You die...

##..#.(...# #..##...... . ###
##....%....# #.))....... o.##.##
#.........## #.)#.......
..#...#####..#.##...###..##......
.oo#..#.##...#.###..##....##.....
..#..o...##.....##..##)#......#.#
......o..##.....###.##.##.....#.#
.......o####......#.##..###...#.#
.........######.@).####..######.#
.........o.######o#.# ##...####.#
.........o..##oo)o#.# ###.......
...............o.oo.# ######[#
....................###########)#
...........................#.....
..........#.......).....))#......
........................##.......
.............#..........###.....)


You could see 2 orc warriors, an orc priest and an orc.

Vanquished Creatures
  Gastronok (D:9)
  A two-headed ogre (D:10)
  3 orc high priests (Orc:2)
  Nergalle (Orc:1)
  The ghost of Gorglomux the Slinger, a novice HaHu of Dithmenos (D:5)
  4 orc knights (Orc:2)
  Pikel (D:4)
  5 orc sorcerers (Orc:2)
  Psyche (D:10)
  Maurice (D:8)
  2 trolls (D:10)
  A hornet (Orc:2)
  Grinder (D:4)
  A wraith (D:10)
  Eustachio (D:6)
  A hungry ghost (D:9)
  4 wargs
  A water moccasin (D:8)
  Duvessa (D:4)
  15 orc warriors
  2 phantoms
  An ice beast (D:9)
  A black bear (D:8)
  3 sky beasts
  10 ogres
  A necrophage (D:8)
  2 wolves (D:10)
  4 centaurs
  2 crocodiles (D:10)
  A gnoll sergeant (D:10)
  Blork the orc (D:6)
  6 bullfrogs
  A wyvern skeleton (D:6)
  3 scorpions
  5 killer bees (D:10)
  An electric eel (D:10)
  2 crimson imps
  A centaur zombie (D:8)
  A jelly (D:9)
  2 quasits
  10 hounds
  13 orc priests
  15 orc wizards
  2 bullfrog skeletons (D:5)
  6 iguanas
  7 worker ants
  A killer bee zombie (D:9)
  A hound zombie (D:5)
  A hound skeleton (D:5)
  Robin (D:4)
  11 gnolls
  A howler monkey skeleton (D:4)
  6 adders
  2 shadow imps
  An ooze (D:2)
  An adder skeleton (D:5)
  An adder zombie (D:5)
  3 worms
  A dart slug (D:3)
  7 leopard geckos
  32 orcs
  3 ball pythons
  4 giant cockroaches
  15 goblins
  7 hobgoblins
  9 jackals
  4 bats
  4 frilled lizards
  6 kobolds
  A leopard gecko skeleton (D:6)
  A leopard gecko zombie (D:5)
  A quokka skeleton (D:7)
  4 rats
279 creatures vanquished.

Vanquished Creatures (collateral kills)
  An orc knight (Orc:1)
1 creature vanquished.

Vanquished Creatures (others)
  3 slaves
  Dowan (D:4)
  A worker ant (D:7)
  A gnoll (D:7)
  A giant cockroach (D:4)
  A ball python (D:4)
8 creatures vanquished.

Grand Total: 288 creatures vanquished

Notes
Turn   | Place    | Note
-------+----------+-------------------------------------------
     0 | D:1      | mopl the Hill Orc Berserker began the quest for the Orb.
     0 | D:1      | Reached XP level 1. HP: 19/19 MP: 1/1
   164 | D:1      | Reached XP level 2. HP: 23/26 MP: 2/2
   679 | D:2      | Reached skill level 5 in Axes
   679 | D:2      | Reached XP level 3. HP: 33/33 MP: 3/3
   743 | D:2      | Reached ** piety under Trog
  1165 | D:2      | Reached skill level 4 in Fighting
  1319 | D:3      | Reached XP level 4. HP: 40/40 MP: 4/4
  1511 | D:3      | Found a deep blue altar of Sif Muna.
  1570 | D:3      | Found a snail-covered altar of Cheibriados.
  1880 | D:4      | Noticed Pikel
  1881 | D:4      | Noticed a slave
  1881 | D:4      | Noticed a slave
  1881 | D:4      | Noticed a slave
  1883 | D:4      | Noticed a slave
  1896 | D:4      | Killed Pikel
  1896 | D:4      | Reached skill level 5 in Fighting
  1896 | D:4      | Reached skill level 8 in Axes
  1896 | D:4      | Reached skill level 4 in Armour
  1896 | D:4      | Reached XP level 5. HP: 48/48 MP: 5/5
  1896 | D:4      | Reached XP level 6. HP: 56/56 MP: 6/6
  1896 | D:4      | Reached XP level 7. HP: 61/61 MP: 7/7
  2049 | D:4      | Killed Dowan
  2060 | D:4      | Found a hazy altar of Hepliaklqana.
  2065 | D:4      | Noticed Robin
  2071 | D:4      | Reached *** piety under Trog
  2073 | D:4      | Killed Robin
  2081 | D:4      | Found a shadowy altar of Dithmenos.
  2307 | D:4      | Found a glowing golden altar of the Shining One.
  2410 | D:4      | Noticed Duvessa
  2423 | D:4      | Killed Duvessa
  2644 | D:4      | Reached skill level 9 in Axes
  2644 | D:4      | Reached skill level 5 in Armour
  2650 | D:4      | Noticed Grinder
  2687 | D:4      | Killed Grinder
  2687 | D:4      | Reached skill level 6 in Fighting
  2687 | D:4      | Reached XP level 8. HP: 48/70 MP: 8/8
  2820 | D:5      | Entered Level 5 of the Dungeon
  2868 | D:5      | Upgraded the game from 0.20.0-1-g1cb1d84 to 0.20.0-4-g10b340a
  2914 | D:5      | Found a staircase to the Ecumenical Temple.
  2929 | D:5      | Noticed Gorglomux's ghost (novice HaHu)
  2952 | D:5      | Killed Gorglomux's ghost
  2952 | D:5      | Reached skill level 7 in Fighting
  2952 | D:5      | Reached skill level 10 in Axes
  2952 | D:5      | Reached skill level 6 in Armour
  3024 | D:5      | Found a shadowy altar of Dithmenos.
  3109 | D:5      | Reached skill level 11 in Axes
  3154 | D:5      | Reached XP level 9. HP: 53/79 MP: 9/9
  3449 | D:6      | Reached **** piety under Trog
  3495 | D:6      | Noticed Eustachio
  3518 | D:6      | Killed Eustachio
  3671 | D:6      | Noticed Blork the orc
  3678 | D:6      | Killed Blork the orc
  3678 | D:6      | Reached skill level 8 in Fighting
  3886 | D:7      | Reached skill level 12 in Axes
  3924 | D:7      | Reached skill level 7 in Armour
  4032 | D:7      | Found a sacrificial altar of Ru.
  4720 | D:8      | Reached skill level 9 in Fighting
  4798 | D:8      | Reached XP level 10. HP: 67/91 MP: 10/10
  4825 | D:8      | Noticed Maurice
  4844 | D:8      | Killed Maurice
  4844 | D:8      | Reached skill level 13 in Axes
  5071 | D:8      | Reached skill level 8 in Armour
  5326 | D:9      | Noticed Gastronok
  5359 | D:9      | Killed Gastronok
  5359 | D:9      | Reached skill level 10 in Fighting
  5359 | D:9      | Reached skill level 14 in Axes
  5971 | D:9      | Reached skill level 9 in Armour
  5984 | D:9      | Reached skill level 2 in Dodging
  6073 | D:10     | Entered Level 10 of the Dungeon
  6091 | D:10     | Noticed Psyche
  6097 | D:10     | Killed Psyche
  6097 | D:10     | Reached skill level 1 in Throwing
  6097 | D:10     | Reached XP level 11. HP: 101/101 MP: 11/11
  6459 | D:10     | Reached skill level 15 in Axes
  6690 | D:10     | Noticed a two-headed ogre
  6696 | D:10     | Killed a two-headed ogre
  6696 | D:10     | Reached skill level 2 in Throwing
  7244 | D:10     | Found a staircase to the Orcish Mines.
  7314 | D:10     | Found a staircase to the Lair.
  7323 | Lair:1   | Entered Level 1 of the Lair of Beasts
  7453 | Orc:1    | Entered Level 1 of the Orcish Mines
  7453 | Orc:1    | Noticed Nergalle
  7468 | Orc:1    | Killed Nergalle
  7468 | Orc:1    | Reached skill level 3 in Dodging
  7486 | D:10     | Reached skill level 11 in Fighting
  7517 | Orc:1    | Found Moshap's Gadget Emporium.
  7626 | Orc:2    | Entered Level 2 of the Orcish Mines
  7626 | Orc:2    | Noticed an orc sorcerer
  7636 | Orc:2    | Killed an orc sorcerer
  7757 | Orc:1    | Found Zedd's Gadget Shop.
  7801 | Orc:1    | Reached ***** piety under Trog
  8001 | Orc:2    | Found Diethyunk's Food Shoppe.
  8005 | Orc:2    | Found a staircase to the Elven Halls.
  8014 | Orc:2    | Reached skill level 1 in Evocations
  8111 | Orc:2    | Noticed an orc sorcerer
  8133 | Orc:2    | Noticed an orc sorcerer
  8157 | Orc:2    | Killed an orc sorcerer
  8157 | Orc:2    | Reached skill level 3 in Throwing
  8160 | Orc:2    | Noticed an orc high priest
  8161 | Orc:2    | Killed an orc sorcerer
  8171 | Orc:2    | Killed an orc high priest
  8171 | Orc:2    | Reached skill level 2 in Evocations
  8244 | Orc:2    | Noticed an orc sorcerer
  8250 | Orc:2    | Noticed an orc high priest
  8252 | Orc:2    | Noticed an orc knight
  8256 | Orc:2    | Noticed an orc high priest
  8257 | Orc:2    | Killed an orc sorcerer
  8257 | Orc:2    | Reached XP level 12. HP: 29/110 MP: 13/13
  8510 | Orc:2    | Noticed a sun demon
  8511 | Orc:2    | Killed an orc high priest
  8511 | Orc:2    | Killed an orc high priest
  8511 | Orc:2    | Reached skill level 16 in Axes
  8511 | Orc:2    | Reached skill level 10 in Armour
  8511 | Orc:2    | Reached skill level 4 in Dodging
  8905 | Orc:2    | Reached skill level 3 in Evocations
  9026 | Orc:2    | Reached skill level 4 in Throwing
  9078 | Orc:2    | Found Yrithu's Antique Weapon Shop.
  9115 | Orc:2    | Found Ussufa Uxkag's Assorted Antiques.
  9121 | Orc:2    | Bought a scroll labeled VYC KOPPIE for 29 gold pieces
  9121 | Orc:2    | Bought a scroll labeled MUIGIL QOIRGH for 29 gold pieces
  9121 | Orc:2    | Bought a scroll labeled ORREOD IKLAJO for 29 gold pieces
  9121 | Orc:2    | Bought a scroll labeled VUVAGU HIAXT for 29 gold pieces
  9121 | Orc:2    | Found Bupitolo's General Store.
  9123 | Orc:2    | Found Mycrer's Food Shop.
  9146 | Orc:2    | Bought a scroll of remove curse for 39 gold pieces
  9146 | Orc:2    | Bought a scroll of fear for 45 gold pieces
  9146 | Orc:2    | Bought 2 potions of might for 104 gold pieces
  9146 | Orc:2    | Bought 2 potions of berserk rage for 130 gold pieces
  9146 | Orc:2    | Bought 3 needles of paralysis for 23 gold pieces
  9203 | Orc:2    | Noticed Sonja
  9205 | Orc:2    | Noticed Sonja
  9205 | Orc:2    | Sonja changed into Sonja the hornet
  9211 | Orc:2    | Paralysed by Sonja for 1 turns
  9213 | Orc:2    | Killed Sonja the hornet
  9494 | Orc:2    | Received a gift from Trog
  9746 | Orc:2    | Mangled by an orc warrior

Skill      XL: |  1  2  3  4  5  6  7  8  9 10 11 12 |
---------------+-------------------------------------+-----
Axes           | 5 8 9 11 12 14 15 16 | 16.5
Fighting       | 4 5 6 7 9 10 11 | 11.7
Armour         | 4 5 6 7 9 10 | 10.2
Dodging        | 2 3 4 |  4.6
Throwing       | 1 3 4 |  4.3
Evocations     | 2 3 |  3.6

Action                   |  1- 3 |  4- 6 |  7- 9 | 10-12 || total
-------------------------+-------+-------+-------+-------++-------
Melee: Hand axe          |   100 |    60 |   257 |       ||   417
       War axe           |       |       |   218 |   297 ||   515
       Broad axe         |       |       |       |   233 ||   233
Throw: Tomahawk          |       |       |     4 |     2 ||     6
Invok: Berserk           |       |     1 |     5 |    20 ||    26
       Trog's Hand       |       |       |     4 |    15 ||    19
       Brothers in Arms  |       |       |       |     1 ||     1
Evoke: Wand              |       |       |       |     3 ||     3
  Eat: Chunk             |     9 |     6 |    17 |    40 ||    72
Armor: Chain mail        |    55 |    25 |   241 |   189 ||   510
Dodge: Dodged            |    42 |    14 |   170 |   185 ||   411
